 Dungeon Crawl Stone Soup version 0.29.0-15-g675c0067aa (webtiles) character file.

Game seed: 18315618061061999591

1428 keekatzer the Chiller (level 8, -9/108 HPs)
             Began as a Troll Transmuter on Sept 11, 2022.
             Mangled by a two-headed ogre
             ... wielding a +0 giant club
              (30 damage)
             ... on level 7 of the Dungeon.
             The game lasted 00:16:27 (2468 turns).

keekatzer the Chiller (Troll Transmuter)            Turns: 2468, Time: 00:16:29

Health: -9/108     AC:  4    Str: 19    XL:     8   Next: 44%
Magic:  1/10       EV: 10    Int:  9    God:
Gold:   253        SH:  0    Dex: 12    Spells: 4/11 levels left

rFire   . . .      SeeInvis .     - Unarmed
rCold   . . .      Faith    .   (no shield)
rNeg    + . .      Spirit   .   c - +0 robe {rN+}
rPois   .          Reflect  .   (helmet restricted)
rElec   .          Harm     .   v - scarf {+Inv}
rCorr   .          Rampage  .   (gloves unavailable)
Will    +....                   (boots unavailable)
Stlth   ..........              j - amulet of the acrobat
HPRegen 1.08/turn               t - ring of willpower
MPRegen 0.12/turn               u - ring of wizardry

@: berserking, very quick
A: large, unfitting armour, claws 3, regeneration 1, shaggy fur 1, tough skin 1
a: Evoke Invisibility


You were on level 7 of the Dungeon.
You visited 1 branch of the dungeon, and saw 7 of its levels.

You collected 253 gold pieces.

Inventory:

Hand Weapons
 g - the +5 dagger of the Sugar Beet {spect, Int+4}
   (You found it on level 4 of the Dungeon)

   When its wielder attacks, the weapon's spirit leaps out and strikes again.
   The spirit shares a part of any damage it takes with its wielder.
   Int:       It affects your intelligence (+4).
 h - the +7 dagger "Mukuizok" {vamp, Dex+4}
   (You found it on level 4 of the Dungeon)

   It occasionally heals its wielder for a portion of the damage dealt when it
   wounds a living foe.
   Dex:       It affects your dexterity (+4).
 l - a +0 giant club
 s - the +8 mace "Sesajo" {drain, rN+++ Str-5 Dex+3}
   (You found it on level 6 of the Dungeon)

   A truly terrible weapon, it drains the life of any living foe it strikes.
   Str:       It affects your strength (-5).
   Dex:       It affects your dexterity (+3).
   rN:        It renders you almost immune to negative energy.
Armour
 c - a +0 robe of positive energy (worn)
 v - a scarf of invisibility (worn)
Jewellery
 j - an amulet of the acrobat (around neck)
 t - a ring of willpower (left claw)
 u - a ring of wizardry (right claw)
 y - an amulet of reflection
Wands
 q - a wand of mindburst (2)
Scrolls
 a - 6 scrolls of identify {unknown}
 d - a scroll of enchant armour {unknown}
 k - a scroll of fear {unknown}
 o - a scroll of amnesia {unknown}
 p - a scroll of blinking {unknown}
 r - a scroll of immolation {unknown}
 w - a scroll of butterflies {unknown}
Potions
 b - a potion of lignification
 e - 2 potions of curing {unknown}
 f - 3 potions of berserk rage
 i - a potion of heal wounds {unknown}
 m - 2 potions of degeneration {unknown}
 n - a potion of attraction {unknown}
 x - a potion of ambrosia


   Skills:
 + Level 1.8 Fighting
 + Level 2.5 Dodging
 + Level 3.9 Unarmed Combat
 - Level 2.1 Spellcasting
 * Level 4.9 Transmutations
 - Level 5.0 Ice Magic


You had 4 spell levels left.
You knew the following spells:

 Your Spells              Type           Power      Damage    Failure   Level
a - Beastly Appendage     Tmut           18%        N/A       1%          1
b - Wereblood             Tmut           9%         N/A       2%          2
c - Ice Form              Ice/Tmut       9%         N/A       17%         4

Your spell library contained the following spells:

 Spells                   Type           Power      Damage    Failure   Level
 Spider Form              Tmut/Pois      5%         N/A       16%         3
 Gell's Gravitas          Tloc           0%         N/A       36%         3
 Teleport Other           Tloc           0%         N/A       36%         3
 Dispersal                Tloc           0%         N/A       100%        6


Dungeon Overview and Level Annotations

Branches:
Dungeon (7/15)
 Temple: D:4-7

Altars:
Ashenzari
Cheibriados
Qazlal
Trog
Uskayaw

Shops:
D:6 =

Annotations:
D:6 2 transporters, RascalDebosk's ghost, novice MiBe


Innate Abilities, Weirdness & Mutations

You are too large for most types of armour.
You have claws for hands.
Your natural rate of healing is unusually fast.
You are covered in fur. (AC +1)
You have tough skin. (AC +1)


Message History

The hornet barely misses you.
Casting: Ice Form (dangerous; 19% risk of failure)
Confirm with . or Enter, or press ? or * to list all spells.
You turn into a creature of crystalline ice.
Your scarf of invisibility melds into your body.
Your +0 robe of positive energy melds into your body.
You feel less protected from negative energy.
You feel yourself speed up. The hornet stings you!
You feel yourself slow down. The hornet stings you!
You feel as though you will be slow longer.
You punch the hornet! You freeze the hornet.
The hornet is severely wounded.
The hornet stings you! The hornet closely misses you.
You barely miss the hornet.
The hornet is heavily wounded.
The hornet stings you! x2
The howler monkey hoots and howls with incredible vigour!
You punch the hornet! You freeze the hornet!
You kill the hornet!
Training target 5.0 for Ice Magic reached!
Your Ice Magic skill increases to level 5!
Press: ? - help, v - describe, . - travel
Here: a two-headed ogre, wielding two +0 giant clubs The floor.
You warm up again.
Your scarf of invisibility unmelds from your body.
Your +0 robe of positive energy unmelds from your body.
You become transparent for a moment.
You feel more protected from negative energy.
The two-headed ogre hits you with a +0 giant club!!
* * * LOW HITPOINT WARNING * * *
The two-headed ogre barely misses you.
Okay, then.
It was a potion of berserk rage.
A red film seems to cover your vision as you go berserk!
You feel yourself moving faster!
You feel mighty!
You feel yourself speed up. The two-headed ogre barely misses you.
The two-headed ogre hits you with a +0 giant club!!
You die...

...###.........#
.....#....[....#
###...###......#
...#...........#
...###.........# #####
...#..#........# ....#
###...#.#..##### ....#..
#......##....####.......
...###..#.#..hlO@....#
.J.##.#.yO#.#.###....#
...##.......#.# ....#
..J##l##......## ....#
......##...#)..# #####
...##......#.#.#
)..####........## ##
#.####..#.##....##### #..
#.#.......####......###.#


You could see a two-headed ogre, a howler monkey and an iguana.

Vanquished Creatures
  A hornet (D:7)
  Duvessa (D:7)
  A sky beast (D:6)
  An ogre (D:5)
  A centaur (D:5)
  A phantom (D:5)
  A kobold brigand (D:6)
  A bullfrog (D:7)
  A gnoll sergeant (D:6)
  A necrophage (D:7)
  2 scorpions (D:5)
  Dowan (D:7)
  A jelly (D:6)
  A hound (D:5)
  3 iguanas (D:6)
  8 gnolls
  7 adders
  2 shadow imps
  2 ufetubi
  A worm (D:2)
  A dart slug (D:5)
  9 orcs
  3 bats
  3 endoplasms
  A giant cockroach (D:1)
  3 goblins
  2 hobgoblins
  8 kobolds
  3 quokkas (D:1)
  6 ball pythons (D:1)
  2 frilled lizards (D:1)
  4 rats (D:1)
83 creatures vanquished.

Notes
Turn   | Place    | Note
-------+----------+-------------------------------------------
     0 | D:1      | keekatzer the Troll Transmuter began the quest for the Orb.
     0 | D:1      | Reached XP level 1. HP: 18/18 MP: 1/1
   233 | D:1      | Reached XP level 2. HP: 25/26 MP: 1/3
   293 | D:1      | Found a faded altar of an unknown god.
   713 | D:3      | Reached XP level 3. HP: 30/32 MP: 2/4
   754 | D:4      | Identified the +7 dagger "Mukuizok" {vamp, Dex+4}
   757 | D:4      | Identified the +5 dagger of the Sugar Beet {spect, Int+4}
   816 | D:4      | Reached XP level 4. HP: 32/40 MP: 6/6
   842 | D:5      | Entered Level 5 of the Dungeon
   843 | D:5      | Noticed a scorpion
   854 | D:5      | Noticed a centaur
   860 | D:5      | Killed a scorpion
   861 | D:5      | Reached skill level 1 in Ice Magic
   871 | D:5      | Killed a centaur
   872 | D:5      | Reached skill level 2 in Ice Magic
   872 | D:5      | Reached XP level 5. HP: 8/46 MP: 7/7
   940 | D:5      | Reached XP level 6. HP: 52/54 MP: 6/8
   958 | D:5      | Learned a level 2 spell: Wereblood
   978 | D:5      | Found a bloodstained altar of Trog.
   991 | D:5      | Reached skill level 3 in Ice Magic
  1326 | D:5      | Found a hide-covered altar of Uskayaw.
  1459 | D:5      | Reached XP level 7. HP: 61/61 MP: 7/9
  1520 | D:6      | Found Kudyess's Jewellery Shoppe.
  1565 | D:6      | Reached skill level 4 in Ice Magic
  1577 | D:6      | Identified the +8 rapier of Certain Death {vamp, *Corrode
                  | rPois Str+3}
  1626 | D:6      | Found a broken altar of Ashenzari.
  1757 | D:6      | Noticed RascalDebosk's ghost (novice MiBe)
  1764 | D:6      | Found a transporter.
  1766 | D:6      | Found a transporter.
  1834 | D:6      | Identified the +8 mace "Sesajo" {drain, rN+++ Str-5 Dex+3}
  2009 | D:6      | Reached skill level 1 in Fighting
  2025 | D:6      | Found a snail-covered altar of Cheibriados.
  2027 | D:6      | Found a stormy altar of Qazlal.
  2227 | D:7      | Reached XP level 8. HP: 52/70 MP: 10/10
  2270 | D:7      | Learned a level 4 spell: Ice Form
  2358 | D:7      | Noticed Dowan
  2391 | D:7      | Noticed Duvessa
  2401 | D:7      | Killed Duvessa
  2407 | D:7      | Killed Dowan
  2449 | D:7      | Noticed a hornet
  2450 | D:7      | Noticed a two-headed ogre
  2466 | D:7      | Killed a hornet
  2467 | D:7      | Reached skill level 5 in Ice Magic
  2468 | D:7      | Mangled by a two-headed ogre

Illustrated notes

Levels and vault maps discovered:
D:1:      spicycebolla_arrival_clurvy, layout_basic,
          ebering_ecumenical_altar_rust
D:2:      layout_basic, serial_shops, nicolae_shop_stone, shop, shop,
          nicolae_shop_statue_plus, nicolae_shop_waterfront, basic_altar
D:3:      layout_basic, gammafunk_temple_overflow_statue
D:4:      layout_rooms, minmay_temple_entry_glassed_door
D:5:      layout_loops_ring, nicolae_overflow_crystal_walls,
          nicolae_uskayaw_murder_on_the_dancefloor, minmay_misc_feat_cross,
          eino_small_chamber_without_monster
D:6:      layout_basic, mainiacjoe_overflow_tiny_flanked, jmf_multi_god_temple,
          serial_shops, nicolae_stop_n_shop_2, gammafunk_ghost_hive
D:7:      layout_rooms, nicolae_titane, uniq_duvessa

Skill      XL: |  1  2  3  4  5  6  7  8 |
---------------+-------------------------+-----
Transmutations | 2 3 4 |  4.9
Spellcasting   | 2 |  2.1
Ice Magic      | 2 3 4 5 |  5.0
Fighting       | 1 |  1.8
Dodging        | 2 |  2.5
Unarmed Combat | |  3.9

Action                   |  1- 3 |  4- 6 |  7- 9 || total
-------------------------+-------+-------+-------++-------
Melee: Unarmed           |    79 |    74 |   132 ||   285
       Punch             |     1 |     1 |     1 ||     3
       Headbutt          |       |     7 |     7 ||    14
       Kick              |       |     4 |     8 ||    12
 Cast: Beastly Appendage |       |     4 |     5 ||     9
       Wereblood         |       |       |     5 ||     5
       Ice Form          |       |       |     2 ||     2
 Abil: End Transformatio |       |       |     1 ||     1
  Use: Potion            |       |       |     1 ||     1
 Stab: Sleeping          |     2 |       |       ||     2
Armor: Robe              |    32 |    22 |    24 ||    78
       Skin              |       |       |     3 ||     3
Dodge: Dodged            |    28 |    54 |    71 ||   153
